 Dungeon Crawl Stone Soup version 0.20-a0-507-gc86f373 (webtiles) character file.

2603 useraccount the Spear-Bearer (level 9, -2/68 HPs)
             Began as a Demigod Skald on Jan 22, 2017.
             Slain by a two-headed ogre
             ... wielding a +0 giant club
              (15 damage)
             ... on level 8 of the Dungeon.
             The game lasted 00:10:42 (8284 turns).

useraccount the Spear-Bearer (Demigod Skald)        Turns: 8284, Time: 00:10:43

Health: -2/68      AC: 10    Str: 20    XL:     9   Next: 12%
Magic:  12/15      EV: 12    Int: 17    God:
Gold:   468        SH:  0    Dex: 15    Spells: 3/12 levels left

rFire    . . .     SeeInvis .   a - +0 halberd
rCold    . . .     Gourm    +   y - +1 ring mail {MR+}
rNeg     . . .     Faith    .   (shield currently unavailable)
rPois    .         Spirit   .   L - +0 helmet
rElec    .         Reflect  .   B - +1 cloak
rCorr    .         Harm     .   (no gloves)
MR       +....                  x - +0 pair of boots
Stlth    +.........             J - amulet of the gourmand
Regen    0.3/turn               (no ring)
                                q - ring of wizardry

@: no status effects
A: high mp 1
a: no special abilities


You were on level 8 of the Dungeon.
You were completely stuffed.

You visited 1 branch of the dungeon, and saw 8 of its levels.

You collected 468 gold pieces.

Inventory:

Hand Weapons
 a - a +0 halberd (weapon)
Armour
 x - a +0 pair of boots (worn)
 y - a +1 ring mail of magic resistance (worn)
 B - a +1 cloak (worn)
 L - a +0 helmet (worn)
Jewellery
 q - a ring of wizardry (left hand)
 J - an amulet of the gourmand (around neck)
Wands
 g - a wand of lightning (7/15)
 t - a wand of random effects (22/48)
 z - a wand of iceblast (8/15)
 E - a wand of lightning (8/15)
 G - a wand of enslavement (10/24)
Scrolls
 b - 2 scrolls of remove curse {unknown}
 i - 2 scrolls of amnesia {unknown}
 k - 14 scrolls of identify {unknown}
 m - 2 scrolls of teleportation {unknown}
 o - a scroll of immolation {unknown}
 s - a scroll of fear {unknown}
 u - 2 scrolls of fog {unknown}
 v - 2 scrolls of enchant armour {unknown}
 w - 2 scrolls of recharging {unknown}
 A - a scroll of enchant weapon {unknown}
 F - a scroll of blinking {unknown}
 H - a scroll of noise {unknown}
Potions
 e - a potion of invisibility {unknown}
 f - a potion of berserk rage {unknown}
 j - 2 potions of degeneration {unknown}
 l - 2 potions of heal wounds {unknown}
 n - 4 potions of curing {unknown}
 r - a potion of mutation {unknown}
 C - 3 potions of haste {unknown}
 D - 2 potions of might {unknown}
 I - a potion of flight {unknown}
 M - a potion of agility {unknown}
 N - a potion of resistance {unknown}
Comestibles
 c - a meat ration
 d - 7 bread rations
 h - 4 royal jellies
 p - 3 fruits
 K - 2 chunks of flesh


   Skills:
 + Level 2.3 Fighting
 * Level 9.1 Polearms
 + Level 2.2 Armour
 + Level 2.3 Dodging
 - Level 2.0 Spellcasting
 - Level 4.0 Hexes
 - Level 4.0 Charms
 - Level 4.0 Necromancy


You had 3 spell levels left.
You knew the following spells:

 Your Spells              Type           Power        Failure   Level  Hunger
a - Spectral Weapon       Hex/Chrm       ###.....     9%          3    ###....
b - Regeneration          Chrm/Necr      ###.......   9%          3    ###....
c - Repel Missiles        Chrm/Air       #.....       9%          2    ###....
d - Infusion              Chrm           ###.         3%          1    #......


Dungeon Overview and Level Annotations

Branches:
Dungeon (8/15)             Temple (0/1) D:6
   Lair: D:8-11

Shops:
D:4 %


Innate Abilities, Weirdness & Mutations

You have an increased reservoir of magic. (+10% MP)


Message History

Aim: a two-headed ogre, wielding two giant clubs You reach to attack!
You hit the two-headed ogre but do no damage.
You hit the two-headed ogre.
The two-headed ogre is lightly wounded.
The crimson imp blinks!
The two-headed ogre barely misses you.
The two-headed ogre hits you with a giant club.
You slash the two-headed ogre!
The two-headed ogre is moderately wounded.
The crimson imp blinks! x2
The two-headed ogre hits you with a giant club!
The two-headed ogre hits you with a giant club!!
Casting: Spectral Weapon
Confirm with . or Enter, or press ? or * to list all spells.
You draw out your weapon's spirit!
The crimson imp spits at you.
The two-headed ogre hits you with a giant club!!
* * * LOW HITPOINT WARNING * * *
The two-headed ogre hits you with a giant club!
You die...

#. #.#.. .### #.###
..# #.#
#####.######## #.#
#....[..#....# #.#
#.....5.##...# #.#
#.......##...# #.#
#............#####.#
#..(O@.#####.....#.#
#.....5# ##>......#
..........#
#.......##
....##.ยง..#
#.......#### ...
#....# #..........#
.. #....#
##########.# #
#=...# #......
#....# #......
#......


You could see a two-headed ogre, 2 crimson imps and a friendly spectral halberd.

Vanquished Creatures
  The ghost of contrafett the Archer, a novice CeHu (D:5)
  A hippogriff (D:8)
  A wraith (D:7)
  A wyvern (D:8)
  Menkaure (D:4)
  Edmund (D:4)
  2 phantoms (D:6)
  A centaur (D:5)
  A big kobold (D:4)
  2 bullfrogs (D:7)
  2 crimson imps
  A bullfrog zombie (D:5)
  A hound (D:4)
  5 orc wizards
  3 centaur zombies
  2 orc priests
  A gnoll shaman (D:4)
  A jelly (D:5)
  A centaur skeleton (D:7)
  2 iguanas (D:7)
  6 worker ants
  Terence (D:3)
  A killer bee zombie (D:7)
  A hound skeleton (D:8)
  A worker ant zombie (D:7)
  10 gnolls
  13 adders
  3 river rats (D:3)
  A shadow imp (D:6)
  An adder skeleton (D:4)
  2 worms
  A dart slug (D:1)
  4 leopard geckos
  23 orcs
  10 bats
  7 giant cockroaches
  6 goblins
  7 hobgoblins
  7 jackals
  7 quokkas
  A ball python (D:2)
  2 frilled lizards (D:1)
  A jackal skeleton (D:4)
  5 kobolds
  A leopard gecko skeleton (D:4)
  A quokka skeleton (D:4)
  14 rats
168 creatures vanquished.

Vanquished Creatures (others)
  A spectral weapon (D:7)
1 creature vanquished.

Grand Total: 169 creatures vanquished

Notes
Turn   | Place    | Note
-------+----------+-------------------------------------------
     0 | D:1      | useraccount the Demigod Skald began the quest for the Orb.
     0 | D:1      | Reached XP level 1. HP: 17/17 MP: 5/5
    13 | D:1      | Reached skill level 1 in Armour
   326 | D:1      | Reached skill level 2 in Polearms
   326 | D:1      | Reached XP level 2. HP: 24/24 MP: 7/7
  1188 | D:2      | Reached XP level 3. HP: 24/29 MP: 8/8
  1710 | D:2      | Found a glowing golden altar of the Shining One.
  1845 | D:2      | Reached skill level 3 in Polearms
  1845 | D:2      | Reached XP level 4. HP: 36/36 MP: 9/9
  1854 | D:2      | Learned a level 3 spell: Spectral Weapon
  1858 | D:2      | Learned a level 3 spell: Regeneration
  2106 | D:3      | Noticed Terence
  2437 | D:3      | Killed Terence
  2557 | D:3      | Reached skill level 1 in Hexes
  2665 | D:3      | Reached skill level 1 in Necromancy
  2665 | D:3      | Reached XP level 5. HP: 34/41 MP: 10/10
  3481 | D:3      | Found a basalt altar of Yredelemnul.
  3498 | D:3      | Found a shimmering altar of Xom.
  3696 | D:3      | Reached skill level 4 in Polearms
  4104 | D:4      | Reached XP level 6. HP: 47/48 MP: 7/11
  4208 | D:4      | Found Xikhonux's Food Shop.
  4216 | D:4      | Noticed Menkaure
  4223 | D:4      | Killed Menkaure
  4387 | D:4      | Reached skill level 5 in Polearms
  4388 | D:4      | Noticed Edmund
  4394 | D:4      | Killed Edmund
  4413 | D:4      | Reached XP level 7. HP: 53/55 MP: 5/13
  4543 | D:4      | Learned a level 2 spell: Repel Missiles
  4545 | D:4      | Found a blossoming altar of Fedhas.
  4802 | D:4      | Found a sparkling altar of Nemelex Xobeh.
  5009 | D:5      | Entered Level 5 of the Dungeon
  5111 | D:5      | Reached skill level 6 in Polearms
  5349 | D:5      | Noticed contrafett's ghost (novice CeHu)
  5364 | D:5      | Killed contrafett's ghost
  5364 | D:5      | Reached skill level 7 in Polearms
  5364 | D:5      | Reached XP level 8. HP: 28/61 MP: 8/14
  6415 | D:6      | Found a staircase to the Ecumenical Temple.
  6450 | D:6      | Found a stormy altar of Qazlal.
  6470 | D:6      | Got a slimy robe
  6539 | D:6      | Identified the +3 robe "Fietypp" {rPois MR- Dex+3} (You found it on level 6 of the Dungeon)
  7298 | D:7      | Found a white marble altar of Elyvilon.
  7340 | D:7      | Reached skill level 8 in Polearms
  7875 | D:8      | Reached XP level 9. HP: 8/67 MP: 11/15
  8204 | D:8      | Reached skill level 9 in Polearms
  8278 | D:8      | Noticed a two-headed ogre
  8284 | D:8      | Slain by a two-headed ogre

Vault maps used:
D:1:      dpeg_arrival_tiny_a
D:2:      wad_river_or_something, marbit_many_paths,
          nicolae_overflow_hidden_temple, first_bread
D:3:      yredelemnul_altar_generic, lemuel_round_altar, portal_sewer_entry_e,
          kennysheep_generic_room_15, uniq_terence
D:4:      nemelex_altar_shiori, kennysheep_mini, serial_shops, shop,
          uniq_edmund, uniq_menkaure
D:6:      nicolae_overflow_crystal_walls
D:7:      elyvilon_altar_4
D:8:      the_bakery, minmay_misc_feat_five

Skill      XL: |  1  2  3  4  5  6  7  8  9 |
---------------+----------------------------+-----
Armour         | 1 2 |  2.2
Polearms       | 2 3 4 5 7 8 9 |  9.1
Fighting       | 2 |  2.3
Dodging        | 2 |  2.3
Charms         | 3 4 |  4.0
Spellcasting   | 2 |  2.0
Hexes          | 1 2 3 4 |  4.0
Necromancy     | 1 2 3 4 |  4.0

Action                   |  1- 3 |  4- 6 |  7- 9 || total
-------------------------+-------+-------+-------++-------
Melee: Spear             |   189 |    51 |       ||   240
       Trident           |       |   212 |       ||   212
       Halberd           |       |    53 |   263 ||   316
 Cast: Regeneration      |       |    12 |     5 ||    17
       Spectral Weapon   |       |     4 |    17 ||    21
       Repel Missiles    |       |       |     1 ||     1
 Stab: Distracted        |       |     1 |       ||     1
  Eat: Chunk             |     3 |    11 |    29 ||    43
Armor: Ring mail         |    57 |    72 |    99 ||   228
       Leather armour    |     4 |       |       ||     4
       Scale mail        |       |    31 |       ||    31
Dodge: Dodged            |   107 |   195 |   123 ||   425
       Deflected         |       |       |     2 ||     2
